 Dungeon Crawl Stone Soup version 0.25.1-8-g42b30a86e7 (webtiles) character file.

Game seed: 13531406623967804193

1593 Gabide the Grappler (level 8, -3/63 HPs)
             Began as a White Draconian Gladiator on Dec 26, 2020.
             Was a Believer of Uskayaw.
             Shot with an arrow by a centaur (13 damage)
             ... on level 5 of the Dungeon.
             The game lasted 00:13:04 (4441 turns).

Gabide the Grappler (White Draconian Gladiator)     Turns: 4441, Time: 00:13:04

Health: -3/63      AC: 10    Str: 25    XL:     8   Next: 61%
Magic:  8/8        EV: 14    Int:  9    God:    Uskayaw [**....]
Gold:   212        SH:  0    Dex: 12    Spells: 7/7 levels left

rFire    . . .     SeeInvis .     - Unarmed
rCold    + . .     Gourm    .   (no shield)
rNeg     . . .     Faith    .   (armour unavailable)
rPois    .         Spirit   .   a - +1 hat
rElec    .         Reflect  .   (no cloak)
rCorr    .         Harm     .   (no gloves)
MR       +....                  m - +2 pair of boots {run}
Stlth    +.........             (no amulet)
HPRegen  0.20/turn              f - ring of protection from magic
MPRegen  0.11/turn              l - +6 ring of strength

@: confused, short of breath, quick
A: breathe frost, unfitting armour, cold resistance 1, cold-blooded, AC +6
a: Breathe Frost, Stomp, Line Pass, Renounce Religion


You were on level 5 of the Dungeon.
You worshipped Uskayaw.
Uskayaw was noncommittal.
You were near starving.

You visited 1 branch of the dungeon, and saw 6 of its levels.

You collected 212 gold pieces.

Inventory:

Missiles
 i - 10 boomerangs (quivered)
Armour
 a - a +1 hat (worn)
 m - a +2 pair of boots of running (worn)
Jewellery
 e - an uncursed ring of ice
 f - a ring of protection from magic (left hand)
 h - an uncursed ring of magical power
 l - a +6 ring of strength (right hand)
 t - an uncursed ring of stealth
Wands
 q - a wand of paralysis (8)
Scrolls
 n - 3 scrolls of remove curse
 o - 2 scrolls of teleportation
 u - a scroll of amnesia
Potions
 g - a potion of resistance {unknown}
 k - a potion of flight {unknown}
 p - 2 potions of stabbing {unknown}
 r - a potion of cancellation {unknown}
 s - a potion of haste {unknown}
Comestibles
 c - 11 rations


   Skills:
 + Level 3.3 Fighting
 - Level 1.7 Throwing
 * Level 5.6 Dodging
 * Level 9.7 Unarmed Combat


You had 7 spell levels left.
You didn't know any spells.
Your spell library was empty.

Dungeon Overview and Level Annotations

Branches:
Dungeon (6/15)
 Temple: D:4-7

Altars:
Cheibriados
Qazlal
Ru
Uskayaw
Vehumet
Yredelemnul
Zin


Innate Abilities, Weirdness & Mutations

You can breathe waves of freezing cold.
You can buffet flying creatures when you breathe cold.
Your icy white scales are hard. (AC +6)
You cannot fit into any form of body armour.
Your flesh is cold resistant. (rC+)
You are cold-blooded and may be slowed by cold attacks.


Message History

Throwing (i - inventory)
i - 10 boomerangs (quivered)
Press: ? - help, Shift-Dir - straight line, f/p - ogre
Aim: an ogre, wielding a -3 giant club (moderately wounded)
You throw a boomerang. The boomerang hits the ogre.
The ogre is moderately wounded.
The ogre hits you with a cursed -3 giant club!!
* * * LOW HITPOINT WARNING * * *
A centaur comes into view.
The centaur shouts!
Found a robe.
The centaur wields a +0 shortbow.
The centaur shoots an arrow.
The arrow hits you.
* * * LOW HITPOINT WARNING * * *
You see here an arrow.
It was a potion of ambrosia.
You are confused.
You feel invigorated.
The centaur shoots an arrow.
The arrow hits you.
* * * LOW HITPOINT WARNING * * *
The centaur shoots an arrow.
The arrow hits you!
You die...

#.....Z..Z....
#.####.#####..
#O## #... #
#..##.... ##.
#######O.....?.
....##
#....O.Z...###.
#...#
#Z######.#.# #.
#c.###)# #.#.#
.. #.@##Z# .# #
##.(O.# ..
###### ##


You could see an ogre and a centaur.

Vanquished Creatures
  Pikel (D:6)
  Grinder (D:4)
  Sigmund (D:6)
  An orc warrior (D:6)
  2 ogres
  A bullfrog (D:6)
  A howler monkey (D:4)
  A centaur zombie (D:4)
  A hound (D:4)
  An iguana (D:6)
  Ijyb (D:4)
  A worker ant (D:6)
  8 gnolls
  5 adders
  3 oozes
  An adder zombie (D:4)
  5 worms
  4 dart slugs
  18 orcs
  4 giant cockroaches
  13 goblins
  7 hobgoblins
  6 jackals
  2 quokkas (D:3)
  6 bats
  3 frilled lizards
  11 kobolds
  10 rats
119 creatures vanquished.

Vanquished Creatures (others)
  A shadow imp (D:6)
1 creature vanquished.

Grand Total: 120 creatures vanquished

Notes
Turn   | Place    | Note
-------+----------+-------------------------------------------
     0 | D:1      | Gabide the Draconian Gladiator began the quest for the Orb.
     0 | D:1      | Reached XP level 1. HP: 17/17 MP: 1/1
   298 | D:1      | Reached XP level 2. HP: 24/24 MP: 2/2
   659 | D:1      | Reached XP level 3. HP: 30/30 MP: 3/3
  1237 | D:2      | Reached skill level 4 in Unarmed Combat
  1339 | D:2      | Found a snail-covered altar of Cheibriados.
  1408 | D:2      | Identified a +2 pair of boots of running (You found it on
                  | level 2 of the Dungeon)
  1644 | D:2      | Reached XP level 4. HP: 29/37 MP: 4/4
  2156 | D:2      | Reached XP level 5. HP: 15/42 MP: 5/5
  2160 | D:2      | Reached skill level 5 in Unarmed Combat
  2647 | D:3      | Found a radiant altar of Vehumet.
  2647 | D:3      | Found a hide-covered altar of Uskayaw.
  2649 | D:3      | Found a basalt altar of Yredelemnul.
  2673 | D:3      | Found a stormy altar of Qazlal.
  2678 | D:3      | Became a worshipper of Uskayaw the Reveler
  2727 | D:3      | Reached * piety under Uskayaw
  2738 | D:3      | Reached ** piety under Uskayaw
  3138 | D:4      | Noticed Ijyb
  3140 | D:4      | Found a sacrificial altar of Ru.
  3141 | D:4      | Paralysed by Ijyb for 7 turns
  3164 | D:4      | Killed Ijyb
  3270 | D:4      | Noticed Grinder
  3292 | D:4      | Killed Grinder
  3292 | D:4      | Reached skill level 6 in Unarmed Combat
  3292 | D:4      | Reached XP level 6. HP: 32/50 MP: 6/6
  3292 | D:4      | Reached *** piety under Uskayaw
  3499 | D:4      | Your scales start taking on an icy white colour.
  3499 | D:4      | Reached XP level 7. HP: 53/56 MP: 7/7
  3499 | D:4      | Gained mutation: Your flesh is cold resistant. (rC+) [White
                  | Draconian growth]
  3535 | D:4      | You fall into a shaft and drop 2 floors!
  3545 | D:6      | Noticed Sigmund
  3552 | D:6      | Killed Sigmund
  3552 | D:6      | Reached skill level 7 in Unarmed Combat
  3655 | D:6      | Noticed Pikel
  3664 | D:6      | Killed Pikel
  3664 | D:6      | Reached skill level 5 in Dodging
  3664 | D:6      | Reached skill level 9 in Unarmed Combat
  3664 | D:6      | Reached XP level 8. HP: 46/63 MP: 8/8
  4249 | D:6      | Found a glowing silver altar of Zin.
  4401 | D:5      | Entered Level 5 of the Dungeon
  4441 | D:5      | Shot with an arrow by a centaur

Illustrated notes

Levels and vault maps discovered:
D:1:      lightli_arrival_maybe_door_vault, layout_basic, minmay_quantized
D:2:      layout_loops_ring, cheibriados_altar_1, first_ration
D:3:      minmay_chambers_of_twos, layout_rooms,
          nicolae_overflow_quartered_altars
D:4:      layout_rooms, lemuel_round_altar, nicolae_ru_path_of_blood,
          minivault_23, uniq_ijyb, uniq_grinder
D:5:      layout_rooms, tso_altar
D:6:      layout_loops_ring, lemuel_coloured_pillars_altar, uniq_pikel,
          uniq_sigmund

Skill      XL: |  1  2  3  4  5  6  7 |
---------------+----------------------+-----
Dodging        | 3 4 5 |  5.6
Unarmed Combat | 4 6 9 |  9.7
Fighting       | 3 |  3.3
Throwing       | |  1.7

Action                   |  1- 3 |  4- 6 |  7- 9 || total
-------------------------+-------+-------+-------++-------
Melee: Unarmed           |   129 |   149 |    64 ||   342
       Tailslap          |    16 |    29 |     9 ||    54
       Punch             |     1 |     5 |     2 ||     8
Throw: Throwing net      |     1 |     5 |     4 ||    10
       Javelin           |     2 |     3 |       ||     5
       Boomerang         |       |    29 |    10 ||    39
Invok: Stomp             |       |     3 |     4 ||     7
       Line Pass         |       |       |     1 ||     1
 Abil: Breathe Frost     |       |       |     9 ||     9
  Use: Scroll            |     4 |     7 |     2 ||    13
       Potion            |       |       |     1 ||     1
 Stab: Paralysed         |       |       |     2 ||     2
       Held in net/web   |       |       |     1 ||     1
  Eat: Chunk             |     2 |     6 |     4 ||    12
Armor: Skin              |    23 |    41 |    16 ||    80
Dodge: Dodged            |    58 |    99 |    56 ||   213
